 Dungeon Crawl Stone Soup version 0.29.0-4-gdea44cf6ec (webtiles) character file.

Game seed: 83598581767501945

235 qw the Chopper (level 6, -3/35 HPs)
             Began as a Tengu Warper on Aug 28, 2022.
             Was an Initiate of Okawaru.
             Slain by Pikel
             ... wielding a +2 whip of flaming
              (11 damage)
             ... on level 4 of the Dungeon.
             The game lasted 00:00:23 (4900 turns).

qw the Chopper (Tengu Warper)                       Turns: 4900, Time: 00:00:24

Health: -3/35      AC:  8    Str: 14    XL:     6   Next: 5%
Magic:  10/10      EV:  7    Int: 13    God:    Okawaru [......]
Gold:   133        SH:  0    Dex: 13    Spells: 9/9 levels left

rFire   . . .      SeeInvis .   Y - +0 war axe
rCold   . . .      Faith    .   (no shield)
rNeg    . . .      Spirit   .   i - +0 chain mail
rPois   .          Reflect  .   (helmet restricted)
rElec   .          Harm     .   (no cloak)
rCorr   .          Rampage  .   (no gloves)
Will    .....                   (boots unavailable)
Stlth   ..........              (no amulet)
HPRegen 0.11/turn               (no ring)
MPRegen 0.12/turn               (no ring)

@: flying quickly and evasively, quick
A: beak, talons 3, nimble flight
a: Renounce Religion


You were on level 4 of the Dungeon.
You worshipped Okawaru.
Okawaru was noncommittal.
You visited 2 branches of the dungeon, and saw 6 of its levels.

You collected 133 gold pieces.


Innate Abilities, Weirdness & Mutations

You have a beak for a mouth.
You have claws for feet.
Your magical nature lets you fly swiftly and evasively.


   Skills:
 - Level 2.0 Fighting
 + Level 6.4 Axes
 - Level 1.0 Throwing
 - Level 2.0 Armour
 - Level 2.1 Dodging
 - Level 2.0 Spellcasting
 - Level 2.4 Translocations


You had 9 spell levels left.
You didn't know any spells.
Your spell library contained the following spells:

 Spells                   Type           Power      Damage    Failure   Level
 Blink                    Tloc           14%        N/A       98%         2
 Gell's Gravitas          Tloc           7%         N/A       100%        3
 Lesser Beckoning         Tloc           7%         N/A       100%        3
 Teleport Other           Tloc           7%         N/A       100%        3
 Manifold Assault         Tloc           7%         N/A       100%        5

Inventory:

Hand Weapons
 g - a +0 flail of protection
 Y - a +0 war axe (weapon)
Missiles
 l - a boomerang (quivered)
Armour
 i - a +0 chain mail (worn)
Wands
 j - a wand of digging (1)
Scrolls
 h - a scroll of identify
Potions
 b - a potion of magic {unknown}
 c - a potion of brilliance {unknown}
 d - a potion of haste {unknown}
 e - a potion of might {unknown}
 f - a potion of curing
 k - a potion of cancellation {unknown}

Dungeon Overview and Level Annotations

Branches:
Dungeon (5/15)             Temple (1/1) D:4

Altars:
Ashenzari
Cheibriados
Dithmenos
Elyvilon
Gozag
Hepliaklqana
Kikubaaqudgha
Makhleb
Nemelex Xobeh
Okawaru
Qazlal
Ru
Sif Muna
Trog
Uskayaw
Vehumet
Wu Jian
Xom
Yredelemnul
The Shining One

Shops:
D:1 :

Annotations:
D:4 Pikel


Message History

(D) Dungeon (T) Temple
Where to? (* - list waypoints, Enter - D:5, ? - help)
What level of the Dungeon? (default 1, ? - help)
There is a stone staircase leading down here.
You fly downwards.
The lemure shouts! x2; You hear a shout!
Found a scroll of fear.
There is a stone staircase leading up here.
There are monsters nearby!
Existing waypoints: (1) D:4 (2) Temple Assign waypoint to what number? (0-9, D - delete waypoint) Waypoint 2 re-assigned from Temple to D:5.
Throw: boomerang
Press: ? - help, Q - select action Shift-Dir - straight line, f - Pikel You throw a boomerang.
The boomerang closely misses Pikel.
The boomerang misses the lemure.
A lemure comes into view.
A lemure comes into view.
4895 ||| STAIRDANCE The lemure shouts!
Pikel closely misses you.
You fly upwards.
There is a stone staircase leading down here.
You hit Pikel but do no damage. You claw Pikel, but do no damage.
Your peck misses Pikel. Pikel waves his whip at you.
Pikel hits you with a +2 whip of flaming!
Pikel burns you.
You miss Pikel. Your kick misses Pikel.
Pikel hits you with a +2 whip of flaming!
Pikel burns you.
You hit Pikel.
Pikel is lightly wounded.
Pikel hits you with a +2 whip of flaming.
Pikel burns you.
You closely miss Pikel. Your kick misses Pikel.
Pikel is lightly wounded.
Pikel hits you with a +2 whip of flaming!
You die...

### ##.# #### ### ########.##
#..## ### #.## #...#.##.##
###.# #.# ##.# ##....###.# #.#
#.#####.## #..#....#.#
#.###.........
###.#<....#######.#...........
#.#.......K.................
##.#.......@................
#.##.......................
##.##..>...........<.......
#..##.....................
##..........>.............
##..#####..................
##..## ##.................
##.### #........?........ #.##
##................


You could see Pikel.

Vanquished Creatures
  2 orc priests (D:3)
  Jessica (D:3)
  6 adders
  A shadow imp (D:4)
  A worm (D:3)
  8 orcs
  10 endoplasms
  4 giant cockroaches
  9 hobgoblins
  A quokka (D:3)
  8 ball pythons
  8 bats
  2 frilled lizards
  8 kobolds
  8 rats
77 creatures vanquished.

Vanquished Creatures (others)
  2 plants (D:2)
2 creatures vanquished.

Grand Total: 79 creatures vanquished

Notes
Turn   | Place    | Note
-------+----------+-------------------------------------------
     0 | D:1      | qw the Tengu Warper began the quest for the Orb.
     0 | D:1      | Reached XP level 1. HP: 12/12 MP: 4/4
     0 | D:1      | 0 ||| qw: Version: 0.1-a-89-g26bdef1
     0 | D:1      | 0 ||| qw: Game counter: 1263
     0 | D:1      | 0 ||| qw: Always use a shield: true
     0 | D:1      | 0 ||| qw: God list: Okawaru
     0 | D:1      | 0 ||| qw: Allow faded altars: false
     0 | D:1      | 0 ||| qw: Do Orc after D:15 true
     0 | D:1      | 0 ||| qw: Do second Lair branch before Depths: true
     0 | D:1      | 0 ||| qw: Lair rune preference: random
     0 | D:1      | 0 ||| qw: Plans: Normal
     0 | D:1      | 0 ||| PLANNING D:1-11
   207 | D:1      | Reached XP level 2. HP: 17/17 MP: 6/6
   231 | D:1      | Reached skill level 3 in Axes
   805 | D:1      | Found Zuomeu's Book Shoppe.
  1027 | D:1      | 1027 ||| UPGRADING to +0 ring mail.
  1037 | D:1      | 1037 ||| DROPPING +0 leather armour.
  1038 | D:1      | 1038 ||| DROPPING +6 ring of intelligence.
  1039 | D:1      | 1039 ||| READING scroll labelled HAINGI WARUIFF.
  1040 | D:1      | 1040 ||| DROPPING scroll of blinking.
  1080 | D:2      | 1080 ||| Stepping ~*~*~tactically~*~*~ (stealth).
  1089 | D:2      | Reached XP level 3. HP: 11/21 MP: 7/7
  1368 | D:2      | Reached skill level 4 in Axes
  1526 | D:2      | Found a faded altar of an unknown god.
  1625 | D:2      | 1625 ||| Stepping ~*~*~tactically~*~*~ (stealth).
  1747 | D:2      | Reached XP level 4. HP: 22/26 MP: 8/8
  1812 | D:2      | 1812 ||| Stepping ~*~*~tactically~*~*~ (stealth).
  1816 | D:2      | 1816 ||| Stepping ~*~*~tactically~*~*~ (stealth).
  1879 | D:2      | 1879 ||| DROPPING +0 club.
  1901 | D:2      | 1901 ||| Stepping ~*~*~tactically~*~*~ (stealth).
  1902 | D:2      | 1902 ||| Stepping ~*~*~tactically~*~*~ (stealth).
  2232 | D:2      | 2232 ||| READING scroll labelled FEXZOICYSSA.
  2233 | D:2      | 2233 ||| READING scroll labelled DODAYM FIOHE.
  2236 | D:2      | 2236 ||| DRINKING 3 glowing grey potions.
  2237 | D:2      | 2237 ||| DRINKING 2 fizzy white potions.
  2246 | D:3      | 2246 ||| PLANNING SEWER
  2311 | D:3      | 2311 ||| SWAPPING to +0 war axe.
  2312 | D:3      | 2312 ||| DROPPING +0 hand axe.
  2414 | D:3      | 2414 ||| Stepping ~*~*~tactically~*~*~ (stealth).
  2425 | D:3      | Reached skill level 5 in Axes
  2471 | D:3      | Noticed Jessica
  2472 | D:3      | 2472 ||| Stepping ~*~*~tactically~*~*~ (hiding).
  2473 | D:3      | 2473 ||| Stepping ~*~*~tactically~*~*~ (hiding).
  2483 | D:3      | Killed Jessica
  2494 | D:3      | 2494 ||| FLEEEEING.
  2567 | D:3      | Gained mutation: Your magical nature lets you fly swiftly
                  | and evasively. [Tengu growth]
  2567 | D:3      | Reached XP level 5. HP: 30/30 MP: 9/9
  2576 | D:3      | 2576 ||| Stepping ~*~*~tactically~*~*~ (stealth).
  2578 | D:3      | Found a glowing drain.
  2579 | D:3      | 2579 ||| READING 2 scrolls labelled ANTION KEUR.
  2592 | D:3      | HP: 7/30 [orc priest/divine providence (9)]
  2593 | D:3      | 2593 ||| READING scroll of teleportation.
  2594 | D:3      | 2594 ||| DRINKING 2 potions of heal wounds.
  2596 | D:3      | 2596 ||| DRINKING potion of heal wounds.
  2765 | D:3      | 2765 ||| Stepping ~*~*~tactically~*~*~ (hiding).
  2766 | D:3      | 2766 ||| Stepping ~*~*~tactically~*~*~ (hiding).
  2777 | D:3      | Reached skill level 6 in Axes
  2969 | D:3      | 2969 ||| DROPPING +0 whip.
  2986 | D:3      | 2986 ||| UPGRADING to +0 scale mail.
  2996 | D:3      | 2996 ||| DROPPING +0 ring mail.
  2997 | D:3      | 2997 ||| UPGRADING to +0 chain mail.
  3007 | D:3      | 3007 ||| DROPPING +0 scale mail.
  3008 | D:3      | 3008 ||| DRINKING 2 golden potions.
  3009 | D:3      | 3009 ||| DROPPING potion of flight.
  3081 | D:3      | 3081 ||| RIP SEWER
  3081 | D:3      | 3081 ||| PLANNING D:1-11
  3378 | D:4      | 3378 ||| Stepping ~*~*~tactically~*~*~ (stealth).
  3381 | D:4      | 3381 ||| Stepping ~*~*~tactically~*~*~ (stealth).
  3383 | D:4      | 3383 ||| Stepping ~*~*~tactically~*~*~ (stealth).
  3387 | D:4      | 3387 ||| Stepping ~*~*~tactically~*~*~ (stealth).
  3393 | D:4      | Reached XP level 6. HP: 29/35 MP: 10/10
  3452 | D:4      | 3452 ||| DROPPING +0 flail.
  3605 | D:4      | Found a staircase to the Ecumenical Temple.
  3606 | D:4      | 3606 ||| PLANNING TEMPLE
  3606 | D:4      | 3606 ||| READING scroll labelled LEUTSEUDGHY.
  3612 | Temple   | Entered the Ecumenical Temple
  3688 | Temple   | Became a worshipper of Warmaster Okawaru
  3909 | Temple   | 3909 ||| PLANNING D:1-11
  4677 | D:4      | 4677 ||| READING scroll labelled HEDUERGH ACKAI.
  4678 | D:4      | 4678 ||| Stepping randomly (stuck).
  4679 | D:4      | 4679 ||| Stepping ~*~*~tactically~*~*~ (cloud).
  4892 | D:5      | Entered Level 5 of the Dungeon
  4892 | D:5      | Noticed Pikel
  4895 | D:5      | 4895 ||| STAIRDANCE
  4899 | D:4      | HP: 8/35 [Pikel/+2 whip of flaming (3)]
  4900 | D:4      | Slain by Pikel

Levels and vault maps discovered:
D:1:      dpeg_arrival_chambers_temple_mockup, layout_basic, serial_shops,
          nicolae_shop_waterfront, serial_park_tiny_1
D:2:      cheibrodos_old_hovel, layout_loops_ring,
          dreamdust_ecumenical_altar_statues, nicolae_figureground_sparkle
D:3:      layout_basic, portal_sewer_entry_a, uniq_jessica
D:4:      layout_layer_cave, minmay_temple_entry_fiery
D:5:      layout_rooms, gammafunk_temple_overflow_pools, guppyfry_shop_venom,
          uniq_pikel
Temple:   mainiacjoe_temple_cubbyholes

Skill      XL: |  1  2  3  4  5 |
---------------+----------------+-----
Axes           | 3 4 5 6 |  6.4
Armour         | 2 |  2.0
Fighting       | |  2.0
Throwing       | |  1.0
Dodging        | |  2.1
Spellcasting   | |  2.0
Translocations | |  2.4

Action                   |  1- 3 |  4- 6 || total
-------------------------+-------+-------++-------
Melee: Hand axe          |    64 |    21 ||    85
       Kick              |    20 |    24 ||    44
       Peck              |     4 |     9 ||    13
       War axe           |       |    75 ||    75
Throw: Boomerang         |     7 |    17 ||    24
  Use: Scroll            |     1 |     6 ||     7
       Potion            |       |     5 ||     5
Armor: Leather armour    |     3 |       ||     3
       Ring mail         |    15 |    19 ||    34
       Chain mail        |       |     8 ||     8
Dodge: Dodged            |    29 |    42 ||    71

Table legend:
 A = Non-vault XP
 B = Vault XP
 C = Vault XP percentage of total XP
 D = Non-vault monster count
 E = Vault monster count
 F = Vault count percentage of total count
                 A         B        C        D         E       F
            +---------+---------+-------+---------+---------+-------
      Total |     290 |      46 |  13.7 |      73 |       4 |   5.2
            +---------+---------+-------+---------+---------+-------
        D:1 |      23 |       0 |   0.0 |      16 |       0 |   0.0
        D:2 |      70 |       2 |   2.8 |      20 |       1 |   4.8
        D:3 |     146 |      44 |  23.2 |      24 |       3 |  11.1
        D:4 |      51 |       0 |   0.0 |      13 |       0 |   0.0
            +---------+---------+-------+---------+---------+-------
